 Dungeon Crawl Stone Soup version 0.25.0-37-gb73750e0fb (webtiles) character file.

Game seed: 13076496895992815993

4331 xccam the Slicer (level 10, 0/71 HPs)
             Began as an Octopode Assassin on July 8, 2020.
             Slain by Grum
             ... wielding a -2 spear
              (15 damage)
             ... on level 8 of the Dungeon.
             The game lasted 00:15:15 (10570 turns).

xccam the Slicer (Octopode Assassin)               Turns: 10570, Time: 00:15:16

Health: 0/71       AC:  1    Str: 10    XL:     10   Next: 33%
Magic:  19/19      EV: 18    Int: 15    God:
Gold:   232        SH:  0    Dex: 16    Spells: 9/9 levels left

rFire    + + .     SeeInvis .   D - +2 dagger (holy)
rCold    . . .     Gourm    .   (no shield)
rNeg     . . .     Faith    .   (helmet restricted)
rPois    +         Spirit   .   (no amulet)
rElec    .         Reflect  .   p - ring of magical power
rCorr    .         Harm     .   f - ring of poison resistance
MR       .....                  y - ring of protection from fire
Stlth    +++.......             (no ring)
HPRegen  0.21/turn              (no ring)
MPRegen  0.16/turn              (no ring)
                                (no ring)
                                (no ring)

@: confused
A: almost no armour, stealthy swim, amphibious, 8 rings, constrict 8, antennae
1, camouflage 1, fire resistance 1, gelatinous body 1
a: no special abilities


You were on level 8 of the Dungeon.
You were not hungry.

You visited 2 branches of the dungeon, and saw 9 of its levels.
You also visited: Sewer and Ossuary.

You collected 232 gold pieces.

Inventory:

Hand Weapons
 D - a +2 dagger of holy wrath (weapon)
Missiles
 b - 40 poisoned darts (quivered)
 c - 9 curare-tipped darts
Jewellery
 f - a ring of poison resistance (right tentacle)
 p - a ring of magical power (left tentacle)
 y - a ring of protection from fire (on tentacle)
Wands
 h - a wand of polymorph (5)
 B - a wand of digging (6)
Scrolls
 j - 3 scrolls of teleportation
 l - 2 scrolls of fog {unknown}
 m - 3 scrolls of remove curse
 o - 2 scrolls of magic mapping {unknown}
 t - a scroll of fear {unknown}
 u - a scroll of blinking {unknown}
 w - 4 scrolls of random uselessness {unknown}
 x - a scroll of amnesia {unknown}
 z - a scroll of noise {unknown}
 C - 2 scrolls of identify
Potions
 e - 2 potions of haste {unknown}
 k - 3 potions of brilliance
 n - a potion of degeneration {unknown}
 q - 2 potions of curing {unknown}
 s - a potion of lignification
 v - a potion of invisibility {unknown}
 A - a potion of mutation
Comestibles
 a - 5 chunks of flesh
 d - 12 rations


   Skills:
 + Level 7.1 Fighting
 - Level 10.0 Short Blades
 - Level 2.0 Throwing
 + Level 7.0 Dodging
 + Level 9.1 Stealth


You had 9 spell levels left.
You didn't know any spells.
Your spell library was empty.

Dungeon Overview and Level Annotations

Branches:
Dungeon (8/15)             Temple (1/1) D:5           Sewer (visited)
Ossuary (visited)
   Lair: D:8-11

Altars:
Ashenzari
Cheibriados
Dithmenos
Elyvilon
Fedhas
Gozag
Hepliaklqana
Kikubaaqudgha
Makhleb
Nemelex Xobeh
Qazlal
Ru
Sif Muna
Trog
Vehumet
Wu Jian
Xom
Yredelemnul
Zin
The Shining One

Annotations:
D:8 Grum


Innate Abilities, Weirdness & Mutations

You cannot wear most types of armour.
You are very stealthy in the water. (Stealth+)
You are amphibious.
You can wear up to eight rings at the same time.
You can use your tentacles to constrict eight enemies at once.
Your skin changes colour to match your surroundings (Stealth+).
Your rubbery body absorbs attacks. (AC +1, EV +1)
You have a pair of small antennae on your head.
Your flesh is heat resistant. (rF+)


Message History

Throwing (i - inventory. (/) - cycle)
b - 43 poisoned darts (quivered)
Press: ? - help, Shift-Dir - straight line, f/p - Grum
Aim: Grum, wielding a -2 spear and wearing a +0 animal skin (almost dead)
You throw a poisoned dart.
Grum hits you from afar with a -2 spear.
* * * LOW HITPOINT WARNING * * *
A howler monkey comes into view.
Throwing (i - inventory. (/) - cycle)
b - 42 poisoned darts (quivered)
Press: ? - help, Shift-Dir - straight line, f/p - Grum
Aim: Grum, wielding a -2 spear and wearing a +0 animal skin (almost dead)
You throw a poisoned dart. Grum hits you but does no damage.
Throwing (i - inventory. (/) - cycle)
b - 41 poisoned darts (quivered)
Press: ? - help, Shift-Dir - straight line, f/p - Grum
Aim: Grum, wielding a -2 spear and wearing a +0 animal skin (almost dead)
You throw a poisoned dart.
The poisoned dart hits the howler monkey.
The howler monkey is poisoned.
You feel less wooden.
Grum hits you from afar with a -2 spear!
You die...

..... ..... .....
.... .......
...#####.......
.#+###.....#.......
.....$(....#...h...
...................
$.......††.........
.........@h........
.......g###........
....(...###...h....
....(...#..........
........#.....##...
........#.....# ...
..............#....
.............#...
...........^...


You could see Grum and 3 howler monkeys.

Vanquished Creatures
  Pikel (D:6)
  The ghost of LifeIsToil the Ducker, a novice DsGl of Makhleb (D:4)
  Prince Ribbit (D:5)
  Sigmund (D:5)
  Edmund (D:5)
  2 orc warriors
  An ice beast (D:5)
  A sky beast (D:5)
  2 slaves (D:6)
  A phantom (D:4)
  A black bear (D:6)
  A centaur (D:6)
  4 wolves (D:8)
  2 ogres
  Blork the orc (D:5)
  5 bullfrogs
  2 scorpions
  4 wights (D:6)
  A howler monkey (D:6)
  4 crimson imps
  2 centaur zombies (Ossuary)
  A centaur skeleton (D:7)
  A bullfrog zombie (D:7)
  An orc priest (D:7)
  3 hounds
  A jelly (D:8)
  A bullfrog skeleton (D:4)
  A gnoll shaman (D:5)
  3 iguanas
  Ijyb (D:3)
  4 worker ants
  2 killer bee zombies (D:7)
  A big kobold zombie (Ossuary)
  A hound zombie (D:5)
  7 mummies
  A howler monkey zombie (D:6)
  11 gnolls
  19 adders
  2 river rats (D:4)
  11 oozes (Sewer)
  2 adder zombies
  7 worms
  2 dart slugs
  13 leopard geckos
  15 orcs
  13 ball pythons (Sewer)
  11 giant cockroaches
  9 goblins
  10 hobgoblins
  8 jackals
  4 quokkas
  11 bats
  18 frilled lizards
  2 hobgoblin zombies (Ossuary)
  2 jackal skeletons (D:5)
  A jackal zombie (D:5)
  4 kobolds
  A leopard gecko skeleton (D:5)
  A leopard gecko zombie (D:8)
  12 rats
257 creatures vanquished.

Vanquished Creatures (others)
  2 slaves (D:6)
  A wight (D:6)
3 creatures vanquished.

Grand Total: 260 creatures vanquished

Notes
Turn   | Place    | Note
-------+----------+-------------------------------------------
     0 | D:1      | xccam the Octopode Assassin began the quest for the Orb.
     0 | D:1      | Reached XP level 1. HP: 14/14 MP: 1/1
   176 | D:1      | Reached XP level 2. HP: 19/19 MP: 2/2
   209 | D:1      | Reached skill level 3 in Short Blades
   937 | D:1      | Reached XP level 3. HP: 21/24 MP: 3/3
  1396 | D:2      | Reached skill level 4 in Short Blades
  1475 | D:2      | Reached XP level 4. HP: 29/29 MP: 4/4
  2557 | D:3      | Noticed Ijyb
  2559 | D:3      | Killed Ijyb
  2559 | D:3      | Reached skill level 5 in Short Blades
  2559 | D:3      | Reached XP level 5. HP: 34/34 MP: 5/5
  2719 | D:3      | Found a faded altar of an unknown god.
  3082 | D:3      | Found a shattered altar of Ashenzari.
  3646 | D:4      | Reached skill level 6 in Short Blades
  3752 | D:4      | Reached XP level 6. HP: 20/39 MP: 6/6
  3820 | D:4      | Found a glowing drain.
  3829 | Sewer    | Entered a sewer
  4398 | Sewer    | Reached XP level 7. HP: 35/46 MP: 7/7
  4829 | D:4      | Found a runed translucent gate.
  4829 | D:4      | Found a runed translucent gate.
  4829 | D:4      | Found a runed translucent gate.
  4830 | D:4      | Noticed LifeIsToil's ghost (novice DsGl)
  5210 | D:4      | Found an ancient bone altar of Kikubaaqudgha.
  5583 | D:4      | Killed LifeIsToil's ghost
  5583 | D:4      | Reached skill level 7 in Short Blades
  5583 | D:4      | Reached XP level 8. HP: 54/54 MP: 8/8
  5655 | D:5      | Entered Level 5 of the Dungeon
  5682 | D:5      | Noticed Blork the orc
  5696 | D:5      | Killed Blork the orc
  5696 | D:5      | Reached skill level 8 in Short Blades
  5775 | D:5      | Found a staircase to the Ecumenical Temple.
  5824 | Temple   | Entered the Ecumenical Temple
  6262 | D:5      | Noticed Sigmund
  6269 | D:5      | Killed Sigmund
  6269 | D:5      | Reached skill level 9 in Short Blades
  6676 | D:5      | Noticed Prince Ribbit
  6683 | D:5      | Killed Prince Ribbit
  6683 | D:5      | Reached skill level 10 in Short Blades
  6683 | D:5      | Reached XP level 9. HP: 58/58 MP: 9/9
  6726 | D:5      | Noticed Edmund
  6753 | D:5      | Killed Edmund
  7616 | D:6      | Noticed Pikel
  7674 | D:6      | Killed Pikel
  7674 | D:6      | Reached skill level 5 in Fighting
  7674 | D:6      | Reached skill level 5 in Dodging
  9092 | D:6      | Reached XP level 10. HP: 54/68 MP: 10/10
  9544 | D:7      | Found a sand-covered staircase.
  9551 | Ossuary  | Entered an ossuary
  9810 | D:7      | Found a sacrificial altar of Ru.
 10500 | D:8      | Noticed Grum
 10550 | D:8      | HP: 1/106 [wolf[Grum] (5)]
 10561 | D:8      | Gained mutation: You have a pair of small antennae on your
                  | head. [potion of mutation]
 10561 | D:8      | Gained mutation: Your flesh is heat resistant. (rF+)
                  | [potion of mutation]
 10570 | D:8      | Slain by Grum

Illustrated notes

Levels and vault maps discovered:
D:1:      grunt_arrival_crossed_arrows, layout_basic
D:2:      minmay_chambers_of_ones, layout_basic, corexii_corridor_pit
D:3:      layout_loops_ring, chequers_ecumenical_altar_simple_redux,
          st_stairs_8, cheibrodos_ashenzari_chains, uniq_ijyb
D:4:      layout_cave_pods, lemuel_crystal_altar, ebering_ghost_rock_garden,
          lightli_sewer_entry_pipes
D:5:      layout_basic, minmay_temple_entry_ruins, first_ration,
          minmay_tree_intersection, uniq_blork_the_orc, uniq_prince_ribbit1,
          uniq_edmund, uniq_sigmund
D:6:      layout_layer_cave, serial_glass, glass_columns_a, glass_columns_c,
          kennysheep_generic_room_4, uniq_pikel
D:7:      wander_river, layout_cave_pools, old_standard_altar,
          gup_ossuary_entry_pyramid
D:8:      layout_basic, overflow_temple_1_default, old_standard_altar,
          lair_entry_dummy, uniq_grum
Temple:   eino_narrow_crystal_temple

Skill      XL: |  1  2  3  4  5  6  7  8  9 10 |
---------------+-------------------------------+-----
Short Blades   | 3 4 5 6 7 10 | 10.0
Dodging        | 2 4 6 7 |  7.0
Fighting       | 3 4 6 7 |  7.1
Stealth        | 8 9 |  9.1
Throwing       | |  2.0

Action                   |  1- 3 |  4- 6 |  7- 9 | 10-12 || total
-------------------------+-------+-------+-------+-------++-------
Melee: Dagger            |    84 |   236 |   330 |   160 ||   810
       Constrict         |    23 |    50 |    42 |    16 ||   131
       Tentacles         |    11 |    39 |    71 |    31 ||   152
Throw: Dart              |       |       |     9 |     3 ||    12
Evoke: Wand              |       |       |    11 |     9 ||    20
  Use: Scroll            |       |       |     6 |     1 ||     7
       Potion            |       |       |     5 |     7 ||    12
 Stab: Sleeping          |     9 |    22 |    15 |    15 ||    61
  Eat: Chunk             |     2 |     8 |    12 |     5 ||    27
       Ration            |       |       |     1 |       ||     1
Armor: Skin              |     6 |    15 |    37 |   103 ||   161
Dodge: Dodged            |    49 |   115 |   114 |    79 ||   357
